 Dungeon Crawl Stone Soup version 0.29.0-4-gdea44cf6ec (webtiles) character file.

Game seed: 6797601751550775383

3297 qw the Grappler (level 9, -11/87 HPs)
             Began as a Troll Cinder Acolyte on Aug 31, 2022.
             Was a Follower of Ignis.
             Mangled by a death yak (23 damage)
             ... on level 9 of the Dungeon.
             The game lasted 00:03:50 (6782 turns).

qw the Grappler (Troll Cinder Acolyte)              Turns: 6782, Time: 00:03:51

Health: -11/87     AC: 12    Str: 28    XL:     9   Next: 70%
Magic:  9/9        EV:  9    Int: 10    God:    Ignis [*.....]
Gold:   1557       SH:  0    Dex:  5    Spells: 10/10 levels left

rFire   + . .      SeeInvis .     - Unarmed
rCold   . . .      Faith    .   (no shield)
rNeg    . . .      Spirit   .   a - +0 robe
rPois   .          Reflect  .   (helmet restricted)
rElec   .          Harm     .   n - +0 cloak
rCorr   .          Rampage  .   (gloves unavailable)
Will    .....                   (boots unavailable)
Stlth   +.........              (no amulet)
HPRegen 1.04/turn               (no ring)
MPRegen 0.11/turn               (no ring)

@: fiery-armoured
A: large, unfitting armour, claws 3, regeneration 1, shaggy fur 1, tough skin 1
a: Renounce Religion, Fiery Armour, Foxfire Swarm, Rising Flame


You were on level 9 of the Dungeon.
You worshipped Ignis.
Ignis was aware of your devotion.
You visited 1 branch of the dungeon, and saw 9 of its levels.
You also visited: Ossuary.

You collected 1557 gold pieces.


Innate Abilities, Weirdness & Mutations

You are too large for most types of armour.
You have claws for hands.
Your natural rate of healing is unusually fast.
You are covered in fur. (AC +1)
You have tough skin. (AC +1)


   Skills:
 + Level 4.9 Fighting
 - Level 4.0 Throwing
 - Level 1.1 Dodging
 - Level 12.1 Unarmed Combat
 - Level 1.0 Spellcasting
 - Level 2.1 Fire Magic


You had 10 spell levels left.
You didn't know any spells.
Your spell library contained the following spells:

 Spells                   Type           Power      Damage    Failure   Level
 Scorch                   Fire           8%         2d5       22%         2

Inventory:

Missiles
 g - 2 boomerangs
 i - a large rock (quivered)
Armour
 a - a +0 robe (worn)
 b - +0 acid dragon scales
 j - the +1 hat of the Ward {Will++ Dex-3}
   (You acquired it on level 3 of the Dungeon)

   Dex:       It affects your dexterity (-3).
   Will:      It greatly increases your willpower.
 n - a +0 cloak (worn)
Scrolls
 c - 3 scrolls of identify
 k - 2 scrolls of enchant weapon
Potions
 d - 3 potions of resistance
 e - 4 potions of curing
 f - a potion of haste
 h - 3 potions of might
 m - a potion of mutation

Dungeon Overview and Level Annotations

Branches:
Dungeon (9/15)             Temple (0/1) D:6            Lair (0/5) D:9
    Orc (0/2) D:9         Ossuary (visited)

Altars:
Ashenzari
Kikubaaqudgha
Okawaru
Ru
Sif Muna
Uskayaw
Vehumet
Wu Jian
Xom
Zin

Shops:
D:3 [   D:4 (

Portals:
Bailey: D:9


Message History

An orc priest comes into view. It is wielding a staff of earth.
The death yak bellows!
The orc priest shouts!
You barely miss the death yak. The death yak closely misses you.
The orc priest miscasts a cantrip.
You barely miss the death yak. The death yak gores you!
The death yak is burned by your cloak of flames.
The death yak is lightly wounded.
You scratch the death yak but do no damage.
The death yak is lightly wounded.
The death yak gores you!!
You barely miss the death yak. You claw the death yak!
The death yak is lightly wounded.
You mangle the death yak!!
The death yak is heavily wounded.
The death yak gores you!! The orc hits you but does no damage.
6777 ||| Stepping ~*~*~tactically~*~*~ (outnumbered).
The death yak attacks as you move away!
The death yak gores you but does no damage.
The death yak is burned by your cloak of flames.
The death yak is heavily wounded.
6778 ||| Stepping ~*~*~tactically~*~*~ (outnumbered).
The death yak attacks as you move away! The death yak gores you.
The death yak is burned by your cloak of flames.
The death yak is heavily wounded.
6779 ||| Stepping ~*~*~tactically~*~*~ (outnumbered).
The death yak attacks as you move away! The death yak barely misses you.
Enter note:
6780 ||| Stepping ~*~*~tactically~*~*~ (outnumbered).
The orc priest begins to cast a cantrip, but forgets the words!
6781 ||| Stepping ~*~*~tactically~*~*~ (outnumbered).
The death yak attacks as you move away! The death yak gores you!
The death yak is burned by your cloak of flames.
The death yak is lightly wounded.
The orc priest calls down the wrath of Beogh upon you.
Beogh smites you!
6782 ||| Stepping ~*~*~tactically~*~*~ (outnumbered).
The death yak attacks as you move away! The death yak gores you!!
You die...

..Y))......
##Y)).(.......
0#.##......... .#Y#
..(.....#######+########
..Y#
......................
.#Y#
....................
ยค#.#
....^.............. ####
#### .................#
#... #.@.........####...
#.YY...............
###..o............8..
#..........#.........
##.=..?....##....#...
#?....o...##.####...
#...#.....##'#######
#..#.#....#...##....
#..........#.........


You could see 2 death yaks, an orc priest and an orc.

Vanquished Creatures
  A hydra (D:7)
  Psyche (D:8)
  A troll (D:6)
  A hornet (D:9)
  An acid dragon (D:9)
  An orc warrior (D:9)
  A black bear (D:8)
  4 centaurs (D:9)
  2 bullfrogs
  2 necrophages
  3 wights (D:7)
  3 hounds
  3 human zombies (Ossuary)
  A jelly (D:5)
  4 orc priests
  3 iguanas
  11 orc wizards
  2 mummies (Ossuary)
  3 gnolls (D:8)
  7 adders
  A shadow imp (D:8)
  A white imp (D:5)
  An ufetubus (D:5)
  4 dart slugs
  A worm (D:3)
  34 orcs
  7 ball pythons
  9 endoplasms
  8 giant cockroaches
  A gnoll zombie (Ossuary)
  9 hobgoblins
  21 jackals
  6 quokkas
  7 bats
  6 frilled lizards
  15 goblins
  3 hobgoblin zombies (Ossuary)
  3 kobolds
  7 orc zombies (Ossuary)
  6 rats
205 creatures vanquished.

Notes
Turn   | Place    | Note
-------+----------+-------------------------------------------
     0 | D:1      | qw the Troll Cinder Acolyte began the quest for the Orb.
     0 | D:1      | Reached XP level 1. HP: 22/22 MP: 1/1
     0 | D:1      | 0 ||| qw: Version: 0.1-a-97-g2dd2ca4
     0 | D:1      | 0 ||| qw: Game counter: 4662
     0 | D:1      | 0 ||| qw: Always use a shield: true
     0 | D:1      | 0 ||| qw: God list: Okawaru
     0 | D:1      | 0 ||| qw: Allow faded altars: false
     0 | D:1      | 0 ||| qw: Do Orc after D:15 true
     0 | D:1      | 0 ||| qw: Do second Lair branch before Depths: true
     0 | D:1      | 0 ||| qw: Lair rune preference: random
     0 | D:1      | 0 ||| qw: Plans: Normal
     0 | D:1      | 0 ||| PLANNING D:1-11
   265 | D:1      | Reached XP level 2. HP: 28/29 MP: 2/2
   303 | D:1      | Found a faded altar of an unknown god.
   648 | D:1      | Reached skill level 4 in Unarmed Combat
   789 | D:1      | 789 ||| DRINKING 2 purple potions.
   790 | D:1      | 790 ||| DRINKING 2 bubbling blue potions.
   825 | D:1      | 825 ||| DROPPING potion of invisibility.
   826 | D:1      | 826 ||| DROPPING potion of lignification.
   878 | D:2      | Reached XP level 3. HP: 36/36 MP: 3/3
   882 | D:2      | Reached skill level 1 in Throwing
   896 | D:2      | Found a shimmering altar of Xom.
   993 | D:2      | 993 ||| Stepping ~*~*~tactically~*~*~ (stealth).
  1299 | D:2      | You fall into a shaft and drop 2 floors!
  1307 | D:4      | 1307 ||| Stepping ~*~*~tactically~*~*~ (outnumbered).
  1308 | D:4      | 1308 ||| Stepping ~*~*~tactically~*~*~ (outnumbered).
  1311 | D:4      | Reached XP level 4. HP: 28/44 MP: 4/4
  1321 | D:4      | 1321 ||| INVOKING Fiery Armour.
  1323 | D:4      | Reached skill level 5 in Unarmed Combat
  1539 | D:4      | 1539 ||| INVOKING Fiery Armour.
  1543 | D:4      | 1543 ||| Stepping ~*~*~tactically~*~*~ (stealth).
  1546 | D:4      | 1546 ||| Stepping ~*~*~tactically~*~*~ (outnumbered).
  1548 | D:4      | 1548 ||| Stepping ~*~*~tactically~*~*~ (outnumbered).
  1549 | D:4      | 1549 ||| Stepping ~*~*~tactically~*~*~ (outnumbered).
  1561 | D:4      | 1561 ||| Stepping ~*~*~tactically~*~*~ (stealth).
  1565 | D:4      | 1565 ||| Stepping ~*~*~tactically~*~*~ (stealth).
  1575 | D:4      | Reached XP level 5. HP: 50/50 MP: 5/5
  1591 | D:4      | 1591 ||| READING 2 scrolls labelled VAPPEUTYRO.
  1592 | D:4      | 1592 ||| READING 2 scrolls labelled GUMIDD LOUGEOS.
  1595 | D:4      | 1595 ||| Stepping ~*~*~tactically~*~*~ (stealth).
  1597 | D:4      | 1597 ||| Stepping ~*~*~tactically~*~*~ (stealth).
  1598 | D:4      | 1598 ||| Stepping ~*~*~tactically~*~*~ (stealth).
  1599 | D:4      | 1599 ||| READING scroll labelled WEOQIR KOZIOWU.
  1604 | D:4      | 1604 ||| Stepping ~*~*~tactically~*~*~ (outnumbered).
  1611 | D:4      | 1611 ||| DRINKING 2 fuming coppery potions.
  1660 | D:3      | 1660 ||| PLANNING SEWER
  1678 | D:3      | Found a broken altar of Ashenzari.
  1697 | D:3      | Found a sacrificial altar of Ru.
  1701 | D:3      | 1701 ||| Stepping ~*~*~tactically~*~*~ (stealth).
  1703 | D:3      | 1703 ||| Stepping ~*~*~tactically~*~*~ (stealth).
  1705 | D:3      | 1705 ||| Stepping ~*~*~tactically~*~*~ (stealth).
  1716 | D:3      | Reached skill level 6 in Unarmed Combat
  1727 | D:3      | 1727 ||| Stepping ~*~*~tactically~*~*~ (stealth).
  1744 | D:3      | Found Puerurea's Antique Armour Emporium.
  1783 | D:3      | 1783 ||| SHOPLISTING heavily runed storm dragon scales
                  | (2635 gold, have 123).
  2077 | D:3      | 2077 ||| Stepping ~*~*~tactically~*~*~ (hiding).
  2084 | D:3      | 2084 ||| INVOKING Fiery Armour.
  2085 | D:3      | 2085 ||| Stepping ~*~*~tactically~*~*~ (hiding).
  2087 | D:3      | 2087 ||| Stepping ~*~*~tactically~*~*~ (outnumbered).
  2090 | D:3      | 2090 ||| DRINKING 2 potions of curing.
  2090 | D:3      | 2090 ||| (to cure confusion)
  2093 | D:3      | 2093 ||| Stepping ~*~*~tactically~*~*~ (outnumbered).
  2094 | D:3      | 2094 ||| Stepping ~*~*~tactically~*~*~ (outnumbered).
  2095 | D:3      | Reached XP level 6. HP: 58/59 MP: 6/6
  2097 | D:3      | 2097 ||| Stepping ~*~*~tactically~*~*~ (outnumbered).
  2098 | D:3      | 2098 ||| Stepping ~*~*~tactically~*~*~ (outnumbered).
  2193 | D:3      | Found an iron altar of Okawaru.
  2277 | D:3      | 2277 ||| RIP SEWER
  2278 | D:3      | 2278 ||| PLANNING D:1-11
  2280 | D:3      | 2280 ||| READING scroll labelled QESISI ALOYL.
  2280 | D:3      | Identified a scroll of acquirement
  2280 | D:3      | 2280 ||| ACQUIRING +1 hat of the Ward {Will++ Dex-3}
  2280 | D:3      | Acquired the +1 hat of the Ward {Will++ Dex-3}
  2282 | D:3      | 2282 ||| DRINKING 2 pink potions.
  2465 | D:2      | 2465 ||| Stepping ~*~*~tactically~*~*~ (stealth).
  2533 | D:2      | Reached skill level 7 in Unarmed Combat
  2805 | D:3      | 2805 ||| READING scroll of teleportation.
  2884 | D:4      | Found a radiant altar of Vehumet.
  3088 | D:4      | Found Dahee's Antique Weapon Boutique.
  3095 | D:4      | 3095 ||| READING scroll labelled UKAEDO BAORCH.
  3096 | D:4      | 3096 ||| Stepping randomly (stuck).
  3097 | D:4      | 3097 ||| Stepping ~*~*~tactically~*~*~ (cloud).
  3205 | D:4      | 3205 ||| Stepping ~*~*~tactically~*~*~ (stealth).
  3206 | D:4      | 3206 ||| Stepping ~*~*~tactically~*~*~ (stealth).
  3207 | D:4      | 3207 ||| Stepping ~*~*~tactically~*~*~ (stealth).
  3407 | D:4      | 3407 ||| UPGRADING to +0 cloak.
  3412 | D:4      | 3412 ||| READING scroll labelled ZIX DYTOTO.
  3440 | D:4      | 3440 ||| READING scroll labelled DOCUEJ WEZXISS.
  3441 | D:4      | 3441 ||| DRINKING 4 bubbling yellow potions.
  3442 | D:4      | 3442 ||| DRINKING 2 puce potions.
  3443 | D:4      | 3443 ||| DROPPING potion of attraction.
  3478 | D:5      | Entered Level 5 of the Dungeon
  3505 | D:5      | 3505 ||| Stepping ~*~*~tactically~*~*~ (hiding).
  3508 | D:5      | 3508 ||| INVOKING Fiery Armour.
  3553 | D:5      | 3553 ||| Stepping ~*~*~tactically~*~*~ (stealth).
  3554 | D:5      | 3554 ||| Stepping ~*~*~tactically~*~*~ (stealth).
  3556 | D:5      | 3556 ||| Stepping ~*~*~tactically~*~*~ (stealth).
  3578 | D:5      | 3578 ||| Stepping ~*~*~tactically~*~*~ (stealth).
  3579 | D:5      | 3579 ||| Stepping ~*~*~tactically~*~*~ (stealth).
  3580 | D:5      | 3580 ||| Stepping ~*~*~tactically~*~*~ (stealth).
  3581 | D:5      | 3581 ||| Stepping ~*~*~tactically~*~*~ (stealth).
  3616 | D:5      | 3616 ||| Stepping ~*~*~tactically~*~*~ (hiding).
  3623 | D:5      | Reached XP level 7. HP: 66/66 MP: 7/7
  3629 | D:5      | Reached skill level 8 in Unarmed Combat
  3658 | D:5      | 3658 ||| Stepping ~*~*~tactically~*~*~ (stealth).
  3659 | D:5      | 3659 ||| Stepping ~*~*~tactically~*~*~ (stealth).
  3660 | D:5      | 3660 ||| Stepping ~*~*~tactically~*~*~ (stealth).
  3714 | D:5      | Reached skill level 3 in Fighting
  3797 | D:5      | Found a glowing silver altar of Zin.
  3972 | D:5      | Found a hide-covered altar of Uskayaw.
  3973 | D:5      | Noticed a +0 dagger
  3974 | D:5      | Noticed a +0 hand axe
  4045 | D:5      | 4045 ||| READING scroll labelled NYDGHO RODDIY.
  4046 | D:5      | 4046 ||| READING 2 scrolls of identify.
  4046 | D:5      | 4046 ||| IDENTIFYING smoky brown potion
  4298 | D:6      | Found a shimmering blue altar of Sif Muna.
  4375 | D:6      | Found an ornate altar of the Wu Jian Council.
  4429 | D:6      | Found a staircase to the Ecumenical Temple.
  4816 | D:6      | Noticed a troll
  4826 | D:6      | 4826 ||| INVOKING Fiery Armour.
  4827 | D:6      | Killed a troll
  4828 | D:6      | Reached skill level 9 in Unarmed Combat
  4828 | D:6      | Reached XP level 8. HP: 24/75 MP: 8/8
  4888 | D:6      | 4888 ||| READING 2 scrolls labelled DOFYRO VAOCSE.
  4889 | D:6      | 4889 ||| READING 2 scrolls labelled JAAPSO MEMYXIE.
  4890 | D:6      | 4890 ||| READING 2 scrolls of identify.
  4890 | D:6      | 4890 ||| IDENTIFYING viscous white potion
  4891 | D:6      | 4891 ||| DROPPING potion of degeneration.
  4892 | D:6      | 4892 ||| DROPPING scroll of immolation.
  4949 | D:7      | 4949 ||| PLANNING OSSUARY
  4960 | D:7      | 4960 ||| Stepping ~*~*~tactically~*~*~ (hiding).
  4962 | D:7      | 4962 ||| Stepping ~*~*~tactically~*~*~ (hiding).
  4989 | D:7      | Reached skill level 1 in Dodging
  5017 | D:7      | 5017 ||| Stepping ~*~*~tactically~*~*~ (stealth).
  5021 | D:7      | Noticed a five-headed hydra
  5022 | D:7      | 5022 ||| INVOKING Fiery Armour.
  5025 | D:7      | 5025 ||| Stepping ~*~*~tactically~*~*~ (hiding).
  5027 | D:7      | 5027 ||| Stepping ~*~*~tactically~*~*~ (hiding).
  5030 | D:7      | 5030 ||| Stepping ~*~*~tactically~*~*~ (hiding).
  5031 | D:7      | 5031 ||| Stepping ~*~*~tactically~*~*~ (hiding).
  5034 | D:7      | Killed a seven-headed hydra
  5035 | D:7      | Reached skill level 11 in Unarmed Combat
  5039 | D:7      | 5039 ||| Stepping ~*~*~tactically~*~*~ (outnumbered).
  5115 | D:7      | Found a shimmering altar of Xom.
  5247 | D:7      | Found a sand-covered staircase.
  5248 | D:7      | 5248 ||| DRINKING 2 golden potions.
  5249 | D:7      | 5249 ||| READING 3 scrolls of identify.
  5249 | D:7      | 5249 ||| IDENTIFYING viscous golden potion
  5250 | D:7      | 5250 ||| DROPPING potion of flight.
  5274 | Ossuary  | Entered an ossuary
  5279 | Ossuary  | 5279 ||| Stepping ~*~*~tactically~*~*~ (stealth).
  5282 | Ossuary  | 5282 ||| Stepping ~*~*~tactically~*~*~ (stealth).
  5284 | Ossuary  | 5284 ||| Stepping ~*~*~tactically~*~*~ (stealth).
  5288 | Ossuary  | 5288 ||| Stepping ~*~*~tactically~*~*~ (stealth).
  5301 | Ossuary  | 5301 ||| Stepping ~*~*~tactically~*~*~ (stealth).
  5303 | Ossuary  | 5303 ||| Stepping ~*~*~tactically~*~*~ (stealth).
  5328 | Ossuary  | 5328 ||| Stepping ~*~*~tactically~*~*~ (outnumbered).
  5336 | Ossuary  | Reached XP level 9. HP: 80/84 MP: 9/9
  5440 | D:7      | 5440 ||| PLANNING D:1-11
  5699 | D:8      | Noticed Psyche
  5714 | D:8      | Killed Psyche
  5715 | D:8      | Reached skill level 3 in Throwing
  6055 | D:8      | 6055 ||| Stepping ~*~*~tactically~*~*~ (hiding).
  6069 | D:8      | 6069 ||| INVOKING Fiery Armour.
  6072 | D:8      | 6072 ||| FLEEEEING.
  6073 | D:8      | 6073 ||| FLEEEEING.
  6074 | D:8      | 6074 ||| FLEEEEING.
  6132 | D:8      | 6132 ||| READING scroll of acquirement.
  6132 | D:8      | 6132 ||| ACQUIRING 867 gold pieces
  6132 | D:8      | Acquired 867 gold pieces
  6256 | D:8      | 6256 ||| READING scroll labelled NOBLEN DURCHA.
  6257 | D:8      | 6257 ||| READING 3 scrolls of identify.
  6257 | D:8      | 6257 ||| IDENTIFYING viscous orange potion
  6333 | D:9      | Found an ancient bone altar of Kikubaaqudgha.
  6353 | D:9      | 6353 ||| Stepping ~*~*~tactically~*~*~ (hiding).
  6355 | D:9      | 6355 ||| Stepping ~*~*~tactically~*~*~ (hiding).
  6358 | D:9      | 6358 ||| INVOKING Fiery Armour.
  6362 | D:9      | Noticed a death yak
  6365 | D:9      | Noticed a death yak
  6365 | D:9      | Noticed a death yak
  6372 | D:9      | Noticed a death yak
  6373 | D:9      | 6373 ||| Stepping ~*~*~tactically~*~*~ (stealth).
  6376 | D:9      | 6376 ||| Stepping ~*~*~tactically~*~*~ (stealth).
  6381 | D:9      | HP: 16/84 [death yak (12)]
  6382 | D:9      | 6382 ||| READING scroll of teleportation.
  6382 | D:9      | Noticed a death yak
  6383 | D:9      | 6383 ||| Stepping ~*~*~tactically~*~*~ (stealth).
  6384 | D:9      | 6384 ||| Stepping ~*~*~tactically~*~*~ (stealth).
  6384 | D:9      | Noticed a death yak
  6385 | D:9      | 6385 ||| Stepping ~*~*~tactically~*~*~ (stealth).
  6386 | D:9      | 6386 ||| DRINKING potion of heal wounds.
  6405 | D:9      | 6405 ||| Stepping ~*~*~tactically~*~*~ (stealth).
  6407 | D:9      | 6407 ||| Stepping ~*~*~tactically~*~*~ (stealth).
  6408 | D:9      | 6408 ||| Stepping ~*~*~tactically~*~*~ (stealth).
  6419 | D:9      | Reached skill level 12 in Unarmed Combat
  6421 | D:9      | 6421 ||| Stepping ~*~*~tactically~*~*~ (outnumbered).
  6422 | D:9      | 6422 ||| Stepping ~*~*~tactically~*~*~ (outnumbered).
  6430 | D:9      | HP: 21/84 [hornet (6)]
  6435 | D:9      | HP: 19/85 [poisoned by a hornet]
  6436 | D:9      | 6436 ||| Stepping ~*~*~tactically~*~*~ (stealth).
  6446 | D:9      | 6446 ||| Stepping ~*~*~tactically~*~*~ (stealth).
  6455 | D:9      | 6455 ||| Stepping ~*~*~tactically~*~*~ (stealth).
  6460 | D:9      | 6460 ||| INVOKING Fiery Armour.
  6484 | D:9      | 6484 ||| Stepping ~*~*~tactically~*~*~ (stealth).
  6525 | D:9      | Found a staircase to the Orcish Mines.
  6583 | D:9      | Found a flagged portal.
  6584 | D:9      | 6584 ||| Stepping ~*~*~tactically~*~*~ (outnumbered).
  6600 | D:9      | 6600 ||| FLEEEEING.
  6601 | D:9      | 6601 ||| FLEEEEING.
  6602 | D:9      | 6602 ||| FLEEEEING.
  6603 | D:9      | 6603 ||| FLEEEEING.
  6621 | D:9      | 6621 ||| FLEEEEING.
  6622 | D:9      | 6622 ||| FLEEEEING.
  6623 | D:9      | 6623 ||| FLEEEEING.
  6624 | D:9      | 6624 ||| FLEEEEING.
  6766 | D:9      | Found a staircase to the Lair.
  6768 | D:9      | Noticed a death yak
  6769 | D:9      | 6769 ||| INVOKING Fiery Armour.
  6770 | D:9      | Noticed a death yak
  6777 | D:9      | 6777 ||| Stepping ~*~*~tactically~*~*~ (outnumbered).
  6778 | D:9      | 6778 ||| Stepping ~*~*~tactically~*~*~ (outnumbered).
  6779 | D:9      | 6779 ||| Stepping ~*~*~tactically~*~*~ (outnumbered).
  6780 | D:9      | 6780 ||| Stepping ~*~*~tactically~*~*~ (outnumbered).
  6781 | D:9      | 6781 ||| Stepping ~*~*~tactically~*~*~ (outnumbered).
  6781 | D:9      | HP: 12/87 [orc priest/divine providence (17)]
  6782 | D:9      | 6782 ||| Stepping ~*~*~tactically~*~*~ (outnumbered).
  6782 | D:9      | Mangled by a death yak

Levels and vault maps discovered:
D:1:      grunt_arrival_lava_bath, layout_loops_ring,
          hellmonk_ecumenical_altar_defaced_shrine
D:2:      layout_basic, basic_altar, kennysheep_boxes
D:3:      layout_basic, mainiacjoe_overflow_tiny_flanked,
          mainiacjoe_overflow_six_doors_small,
          nicolae_ru_great_annihilating_truth, gup_sewer_entry_spiral,
          serial_shops, shop_coins
D:4:      layout_loops_cross, marbit_many_paths, serial_shops,
          nicolae_shop_hallway_plus, minmay_misc_feat_nine_boxes,
          minmay_misc_feat_x, minmay_misc_feat_ornament, uniq_robin
D:5:      layout_cave_pools, zin_statuary, dancing_weapons_uskayaw, hex_large,
          minmay_misc_feat_roman
D:6:      layout_basic, mainiacjoe_overflow_alcove_1,
          mainiacjoe_overflow_small_starburst, minmay_temple_entry_proselytizer
D:7:      layout_rooms, old_standard_altar,
          nicolae_ossuary_entry_false_entrances
D:8:      layout_loops_ring, kennysheep_generic_room_16, uniq_psyche
D:9:      lemuel_ice_spiral_2, layout_basic,
          nicolae_kikubaaqudgha_miasma_corner, dpeg_lair_monsters, david_orc_2,
          serial_shops, shop, enter_bailey_5

Skill      XL: |  1  2  3  4  5  6  7  8  9 |
---------------+----------------------------+-----
Unarmed Combat | 4 5 6 7 9 11 12 | 12.1
Throwing       | 1 4 |  4.0
Fighting       | 3 4 |  4.9
Dodging        | 1 |  1.1
Spellcasting   | |  1.0
Fire Magic     | |  2.1

Action                   |  1- 3 |  4- 6 |  7- 9 || total
-------------------------+-------+-------+-------++-------
Melee: Unarmed           |    94 |   177 |   162 ||   433
       Punch             |       |     1 |    12 ||    13
Throw: Large rock        |    10 |       |     6 ||    16
       Boomerang         |     6 |    64 |    58 ||   128
Invok: Fiery Armour      |       |     4 |     6 ||    10
  Use: Potion            |     2 |     5 |     2 ||     9
       Scroll            |       |     8 |    10 ||    18
 Stab: Paralysed         |       |     1 |       ||     1
Armor: Robe              |    32 |    67 |    72 ||   171
Dodge: Dodged            |    51 |    63 |    93 ||   207

Table legend:
 A = Non-vault XP
 B = Vault XP
 C = Vault XP percentage of total XP
 D = Non-vault monster count
 E = Vault monster count
 F = Vault count percentage of total count
                 A         B        C        D         E       F
            +---------+---------+-------+---------+---------+-------
      Total |    3907 |     803 |  17.0 |     154 |      51 |  24.9
            +---------+---------+-------+---------+---------+-------
        D:1 |      32 |       8 |  20.0 |      19 |       4 |  17.4
        D:2 |      57 |       0 |   0.0 |      26 |       0 |   0.0
        D:3 |     149 |      68 |  31.3 |      19 |      12 |  38.7
        D:4 |     242 |      21 |   8.0 |      31 |      11 |  26.2
        D:5 |     388 |       0 |   0.0 |      22 |       0 |   0.0
        D:6 |     488 |      41 |   7.8 |       5 |       1 |  16.7
        D:7 |    1214 |       0 |   0.0 |      10 |       0 |   0.0
        D:8 |     181 |     476 |  72.5 |       5 |       2 |  28.6
        D:9 |    1156 |      15 |   1.3 |      17 |       5 |  22.7
    Ossuary |       0 |     174 | 100.0 |       0 |      16 | 100.0
            +---------+---------+-------+---------+---------+-------
